 Dungeon Crawl Stone Soup version 0.29-a0-284-gf9362112df (webtiles) character file.

Game seed: 3344453873674634463

89 sammy202020 the Skirmisher (level 4, -4/38 HPs)
             Began as a Palentonga Fighter on Mar 20, 2022.
             Slain by a gnoll sergeant
             ... wielding a +0 spear
              (12 damage)
             ... on level 3 of the Dungeon.
             The game lasted 00:02:14 (1902 turns).

sammy202020 the Skirmisher (Palentonga Fighter)     Turns: 1902, Time: 00:02:14

Health: -4/38      AC:  7    Str: 24    XL:     4   Next: 31%
Magic:  4/4        EV:  8    Int: 10    God:
Gold:   84         SH:  9    Dex:  9    Spells: 3/3 levels left

rFire   . . .      SeeInvis +   a - +0 flail
rCold   . . .      Faith    .   c - +0 buckler
rNeg    . . .      Spirit   .   n - +1 leather armour of Ghostly Happiness {rPois Str+4}
rPois   +          Reflect  +   (no helmet)
rElec   .          Harm     .   (no cloak)
rCorr   .          Rampage  .   p - +0 pair of gloves
Will    .....                   (no barding)
Stlth   +.........              m - amulet of reflection
HPRegen 0.12/turn               (no ring)
MPRegen 0.09/turn               (no ring)

@: mighty
A: large, rugged brown scales 3, see invisible, deformed body, roll 1, armoured
tail
a: Rolling Charge


You were on level 3 of the Dungeon.
You visited 1 branch of the dungeon, and saw 3 of its levels.

You collected 84 gold pieces.

Inventory:

Hand Weapons
 a - a +0 flail (weapon)
Armour
 b - a +0 scale mail
 c - a +0 buckler (worn)
 n - the +1 leather armour of Ghostly Happiness (worn) {rPois Str+4}
   (You found it on level 2 of the Dungeon)

   Str:       It affects your strength (+4).
   rPois:     It protects you from poison.
 p - a +0 pair of gloves (worn)
Jewellery
 m - an amulet of reflection (around neck)
Scrolls
 f - 2 scrolls of fear {unknown}
 i - 2 scrolls of identify {unknown}
 k - a scroll of teleportation {unknown}
 l - a scroll of immolation {unknown}
 o - a scroll of blinking {unknown}
Potions
 e - 2 potions of curing {unknown}
 g - 3 potions of flight {unknown}
 h - 2 potions of lignification {unknown}
 j - 3 potions of attraction {unknown}
 q - a potion of magic {unknown}


   Skills:
 + Level 3.6 Fighting
 + Level 2.8 Maces & Flails
 + Level 3.0 Armour
 + Level 3.0 Shields


You had 3 spell levels left.
You didn't know any spells.
Your spell library contained the following spells:

 Spells                   Type           Power      Damage    Failure   Level
 Fireball                 Conj/Fire      0%         3d3       100%        5
 Dispersal                Tloc           0%         N/A       100%        6
 Starburst                Conj/Fire      0%         6d3       100%        6
 Disjunction              Tloc           0%         N/A       100%        8
 Ignition                 Fire           0%         3d3       100%        8


Dungeon Overview and Level Annotations

Branches:
Dungeon (3/15)

Altars:


Innate Abilities, Weirdness & Mutations

You are completely covered in rugged brown scales. (AC +3, +7% HP)
You have supernaturally acute eyesight. (SInv)
Armour fits poorly on your strangely shaped body.
You can roll at nearby foes to attack.
You have a long armoured tail.


Message History

You block the gnoll sergeant's attack.
You closely miss the gnoll. You block the gnoll's attack.
The gnoll sergeant hits you from afar with a +0 spear. x2
The gnoll hits you with a +0 flail.
You thump the gnoll!
The gnoll is heavily wounded.
The gnoll hits you but does no damage.
The gnoll sergeant completely misses you.
You hit the gnoll.
The gnoll is severely wounded.
The gnoll barely misses you. You block the gnoll sergeant's attack.
You closely miss the gnoll.
Your tail-slap misses the gnoll.
The gnoll is severely wounded.
You block the gnoll's attack.
The gnoll sergeant hits you but does no damage.
You hit the gnoll.
You kill the gnoll!
You block the gnoll sergeant's attack.
The gnoll sergeant hits you from afar with a +0 spear.
Your Armour skill increases to level 3!
You block the gnoll sergeant's attack. The gnoll hits you but does no damage.
Items here: ! )) ? †.
The gnoll sergeant blocks your attack. You block the gnoll's attack.
The gnoll sergeant hits you with a +0 spear.
The gnoll sergeant blocks your attack.
You tail-slap the gnoll sergeant!
The gnoll sergeant is heavily wounded.
The gnoll hits you from afar with a +2 spear of freezing.
The gnoll freezes you.
The gnoll sergeant hits you with a +0 spear.
* * * LOW HITPOINT WARNING * * *
You thump the gnoll sergeant!
The gnoll sergeant is severely wounded.
The gnoll barely misses you. You block the gnoll sergeant's attack.
The gnoll sergeant hits you with a +0 spear.
* * * LOW HITPOINT WARNING * * *
You block the gnoll's attack. The gnoll sergeant blocks your attack.
The gnoll sergeant is severely wounded.
The gnoll sergeant hits you with a +0 spear!
You die...

#....#. .# #....#. .# ...... ..
#.... .# #.... .### ..#...g ...
... .. #.#...g###.# ..# .# ...
.......@..# #.# .# ...
#......##.# # #.# .# #+#+#.#
##..###.##.##.# #.# #.#
.#.#.#.#.#..# #.##....# #.# #.#
#.#.#.#.##..# #.##.#### #.# ##.#
#.#.#.#.#..###.##.######.###..#
.+#.#.#.#............).........#
.#.#.#.#..#..##.##......#.###..#
#.#.#.#.#.#..##.##......#.###..#


You could see a gnoll sergeant and a gnoll.

Vanquished Creatures
  2 adders
  2 gnolls (D:3)
  4 dart slugs
  2 endoplasms
  A giant cockroach (D:1)
  A goblin (D:3)
  2 hobgoblins
  8 jackals
  A quokka (D:1)
  13 ball pythons
  4 bats
  A frilled lizard (D:1)
  A kobold (D:2)
  4 rats
46 creatures vanquished.

Notes
Turn   | Place    | Note
-------+----------+-------------------------------------------
     0 | D:1      | sammy202020 the Palentonga Fighter began the quest for the
                  | Orb.
     0 | D:1      | Reached XP level 1. HP: 19/19 MP: 1/1
   153 | D:1      | Reached XP level 2. HP: 22/25 MP: 2/2
   981 | D:2      | Found a faded altar of an unknown god.
  1015 | D:2      | Identified the +1 leather armour of Ghostly Happiness
                  | {rPois Str+4}
  1216 | D:2      | Reached XP level 3. HP: 29/31 MP: 3/3
  1746 | D:3      | Reached XP level 4. HP: 32/37 MP: 4/4
  1883 | D:3      | Noticed a gnoll sergeant
  1902 | D:3      | Slain by a gnoll sergeant

Illustrated notes

Levels and vault maps discovered:
D:1:      dpeg_arrival_radiant, layout_rooms
D:2:      minmay_wonky_spiral, layout_basic, dilly_ecumenical_altar_fadedgnrine
D:3:      layout_basic, lemuel_tele_altar, saegor_snake_ambush

Skill      XL: |  1  2  3  4 |
---------------+-------------+-----
Shields        | 3 |  3.0
Armour         | 3 |  3.0
Fighting       | |  3.6
Maces & Flails | |  2.8

Action                   |  1- 3 |  4- 6 || total
-------------------------+-------+-------++-------
Melee: Flail             |   118 |    12 ||   130
       Tailslap          |    11 |     2 ||    13
 Abil: Rolling Charge    |     2 |       ||     2
  Use: Potion            |       |     1 ||     1
Armor: Scale mail        |    33 |       ||    33
       Leather armour    |    26 |     3 ||    29
Dodge: Dodged            |    44 |     5 ||    49
Block: Buckler           |    45 |    14 ||    59
       Reflection        |     1 |       ||     1

Table legend: (Time is in decaauts)
 A = Elapsed time spent in this place.
 B = Non-inter-level travel time spent in this place.
 C = Inter-level travel time spent in this place.
 D = Time resting spent in this place.
 E = Time spent auto-exploring this place.
 F = Levels seen in this place.
 G = Mean time per level.
                   A        B        C        D        E       F      G
               +--------+--------+--------+--------+--------+-----+--------+
         Total |   1949 |   1949 |      0 |      0 |   1572 |   3 |  649.7 |
       Dungeon |   1949 |   1949 |      0 |      0 |   1572 |   3 |  649.7 |
               +--------+--------+--------+--------+--------+-----+--------+

Top non-repeatable levels by time:
     D:1: 840 daAuts
     D:2: 734 daAuts
     D:3: 374 daAuts
